[ AOE2 MATCH · #494626912 ]
UnrankedCelts vs Teutons
Player's team · LOSS
Rival team · WIN
[ REPLAY ANALYSIS · EXTRACTED FROM THE RECORDED GAME ]
Feudal
13:43
Castle
17:41
Imperial
35:30
| APM avg | 58.4 |
| APM peak | 108 |
| eAPM avg | 19.6 |
| Villagers / military | 118 / 62 |
Focus
⚔️ 8.8% · 🌾 91.2%
Archer ×36 · Militia ×12 · Battering Ram ×6 · Mangonel ×4 · Trebuchet (Packed) ×4
Feudal
8:22
Castle
21:55
Imperial
40:10
| APM avg | 33.8 |
| APM peak | 76 |
| eAPM avg | 17.8 |
| Villagers / military | 85 / 33 |
Focus
⚔️ 25.0% · 🌾 75.0%
Scorpion ×8 · Knight ×7 · Mangonel ×6 · Teutonic Knight ×5 · Battering Ram ×3 · Trebuchet (Packed) ×3
Match map
Initial resources + every placement click. Lines = walls · curves = elevation contours. ◆ gold · ⬟ stone · ● berries · ✦ relic · ◌ wall gap
Your base· ✓ Closed at 17:41 · 0t walls · 2 gate(s)
Tlitado's base· ✓ Closed at 21:55 · 20t walls · 4 gate(s)
Smoothed initial terrain · ◌ = detected wall gap · hover for details
Inputs per minute
— Lord6 - - Tlitado
Build order — Lord6
First 150 of 258 actions detected
| 0:01 | Queue | Villager (Male) |
| 0:02 | Build | House |
| 0:07 | Queue | Villager (Male) |
| 0:07 | Queue | Villager (Male) |
| 0:08 | Queue | Villager (Male) |
| 1:27 | Queue | Villager (Male) |
| 1:27 | Queue | Villager (Male) |
| 1:43 | Build | House |
| 1:58 | Queue | Villager (Male) |
| 1:58 | Queue | Villager (Male) |
| 2:12 | Build | Lumber Camp |
| 2:29 | Queue | Villager (Male) |
| 2:29 | Queue | Villager (Male) |
| 2:49 | Queue | Villager (Male) |
| 2:59 | Queue | Villager (Male) |
| 2:59 | Queue | Villager (Male) |
| 3:30 | Queue | Villager (Male) |
| 3:48 | Build | House |
| 3:56 | Queue | Villager (Male) |
| 3:56 | Queue | Villager (Male) |
| 4:16 | Build | Mill |
| 4:27 | Queue | Villager (Male) |
| 4:27 | Queue | Villager (Male) |
| 4:48 | Queue | Villager (Male) |
| 4:48 | Queue | Villager (Male) |
| 5:34 | Queue | Villager (Male) |
| 5:34 | Queue | Villager (Male) |
| 5:59 | Queue | Villager (Male) |
| 5:59 | Queue | Villager (Male) |
| 6:02 | Build | House |
| 6:02 | Build | House |
| 6:10 | Queue | Villager (Male) |
| 6:21 | Build | Farm |
| 6:22 | Build | Farm |
| 6:23 | Build | Farm |
| 6:36 | Queue | Villager (Male) |
| 6:36 | Queue | Villager (Male) |
| 6:38 | Build | Farm |
| 7:18 | Queue | Villager (Male) |
| 7:19 | Queue | Villager (Male) |
| 7:21 | Build | Farm |
| 7:45 | Build | Farm |
| 7:48 | Queue | Villager (Male) |
| 8:05 | Queue | Villager (Male) |
| 8:05 | Queue | Villager (Male) |
| 8:20 | Build | Farm |
| 8:27 | Queue | Villager (Male) |
| 8:27 | Queue | Villager (Male) |
| 8:36 | Queue | Villager (Male) |
| 8:36 | Queue | Villager (Male) |
| 8:44 | Build | Farm |
| 8:55 | Queue | Villager (Male) |
| 8:56 | Queue | Villager (Male) |
| 9:06 | Build | Farm |
| 9:07 | Queue | Villager (Male) |
| 9:32 | Build | Farm |
| 9:42 | Build | Barracks |
| 9:44 | Build | House |
| 9:45 | Build | House |
| 9:45 | Build | House |
| 9:48 | Queue | Villager (Male) |
| 9:56 | Build | Farm |
| 10:02 | Queue | Villager (Male) |
| 10:05 | Research | Loom |
| 10:23 | Build | Mining Camp |
| 11:29 | Research | Feudal Age |
| 13:43 | Age | Feudal Age |
| 13:43 | Research | Wheelbarrow |
| 13:50 | Build | Market |
| 13:55 | Build | Blacksmith |
| 14:47 | Build | Farm |
| 15:01 | Research | Castle Age |
| 15:25 | Research | Man-at-Arms (upgrade) |
| 15:25 | Research | Man-at-Arms (upgrade) |
| 15:38 | Build | Barracks |
| 15:51 | Build | Farm |
| 15:53 | Build | Farm |
| 15:58 | Build | Farm |
| 16:10 | Research | Forging |
| 16:28 | Build | Farm |
| 16:35 | Build | Farm |
| 16:47 | Research | Scale Mail Armor |
| 16:54 | Queue | Villager (Male) |
| 16:54 | Queue | Villager (Male) |
| 17:41 | Age | Castle Age |
| 17:46 | Build | Siege Workshop |
| 17:52 | Research | Long Swordsman (upgrade) |
| 17:53 | Research | Gambesons |
| 18:00 | Queue | Villager (Male) |
| 18:19 | Queue | Battering Ram |
| 18:23 | Queue | Militia ×3 |
| 18:37 | Queue | Villager (Male) |
| 19:07 | Queue | Battering Ram |
| 19:07 | Queue | Battering Ram |
| 19:14 | Queue | Militia ×3 |
| 19:30 | Queue | Villager (Male) |
| 19:52 | Queue | Battering Ram |
| 19:52 | Queue | Battering Ram |
| 20:01 | Build | House |
| 20:05 | Queue | Militia ×2 |
| 20:13 | Queue | Militia |
| 20:26 | Build | House |
| 20:38 | Queue | Militia |
| 20:42 | Queue | Villager (Male) |
| 20:42 | Queue | Villager (Male) |
| 20:52 | Queue | Battering Ram |
| 21:01 | Queue | Militia |
| 21:12 | Queue | Villager (Male) |
| 21:34 | Queue | Villager (Male) |
| 21:34 | Queue | Villager (Male) |
| 21:45 | Queue | Villager (Male) |
| 22:12 | Build | Town Center |
| 22:22 | Queue | Villager (Male) |
| 22:31 | Queue | Militia |
| 22:39 | Build | House |
| 22:39 | Build | House |
| 22:39 | Build | House |
| 22:52 | Queue | Villager (Male) |
| 22:52 | Queue | Villager (Male) |
| 23:11 | Build | Farm |
| 23:18 | Build | Farm |
| 23:18 | Build | Farm |
| 23:27 | Queue | Villager (Male) |
| 23:37 | Build | Farm |
| 23:37 | Build | Farm |
| 23:53 | Queue | Villager (Male) |
| 24:00 | Build | Town Center |
| 24:01 | Queue | Villager (Male) |
| 24:01 | Queue | Villager (Male) |
| 24:02 | Queue | Villager (Male) |
| 24:15 | Build | House |
| 24:15 | Build | House |
| 24:15 | Build | House |
| 24:17 | Queue | Villager (Male) |
| 24:19 | Queue | Villager (Male) |
| 24:55 | Queue | Villager (Male) |
| 25:03 | Queue | Villager (Male) |
| 25:04 | Queue | Villager (Male) |
| 25:04 | Queue | Villager (Male) |
| 25:32 | Build | Mining Camp |
| 25:38 | Queue | Mangonel |
| 25:50 | Queue | Villager (Male) |
| 25:50 | Queue | Villager (Male) |
| 26:18 | Build | Farm |
| 26:18 | Build | Farm |
| 26:19 | Build | Farm |
| 26:20 | Build | Farm |
| 26:31 | Build | Farm |
| 26:31 | Build | Farm |
| 26:42 | Queue | Villager (Male) |
Build order — Tlitado
First 150 of 232 actions detected
| 0:02 | Queue | Villager (Male) |
| 0:02 | Queue | Villager (Male) |
| 0:03 | Build | House |
| 0:06 | Build | House |
| 0:12 | Queue | Villager (Male) |
| 0:13 | Queue | Villager (Male) |
| 0:13 | Queue | Villager (Male) |
| 1:34 | Queue | Villager (Male) |
| 1:34 | Queue | Villager (Male) |
| 2:03 | Queue | Villager (Male) |
| 2:04 | Queue | Villager (Male) |
| 2:22 | Queue | Villager (Male) |
| 2:23 | Queue | Villager (Male) |
| 2:31 | Build | House |
| 3:17 | Queue | Villager (Male) |
| 3:17 | Queue | Villager (Male) |
| 3:28 | Queue | Villager (Male) |
| 3:28 | Queue | Villager (Male) |
| 3:36 | Queue | Villager (Male) |
| 3:36 | Queue | Villager (Male) |
| 4:31 | Build | Mining Camp |
| 4:35 | Build | Lumber Camp |
| 4:48 | Queue | Villager (Male) |
| 5:09 | Queue | Villager (Male) |
| 5:22 | Research | Loom |
| 6:12 | Research | Feudal Age |
| 8:22 | Age | Feudal Age |
| 8:28 | Queue | Villager (Male) |
| 8:33 | Research | Double-Bit Axe |
| 8:58 | Build | Watch Tower |
| 9:01 | Queue | Villager (Male) |
| 9:03 | Queue | Villager (Male) |
| 9:45 | Queue | Villager (Male) |
| 9:50 | Build | House |
| 10:16 | Queue | Villager (Male) |
| 10:48 | Build | Watch Tower |
| 10:54 | Queue | Villager (Male) |
| 11:01 | Build | Palisade Wall |
| 11:02 | Build | Palisade Wall |
| 11:08 | Build | Palisade Wall |
| 11:09 | Build | Palisade Wall |
| 11:34 | Queue | Villager (Male) |
| 11:35 | Queue | Villager (Male) |
| 11:35 | Queue | Villager (Male) |
| 11:36 | Queue | Villager (Male) |
| 11:42 | Build | Mill |
| 11:51 | Build | Palisade Wall |
| 11:55 | Build | Palisade Wall |
| 11:56 | Build | Palisade Wall |
| 11:56 | Build | Palisade Wall |
| 12:13 | Build | House |
| 13:08 | Build | Mill |
| 13:14 | Queue | Villager (Male) |
| 13:19 | Build | House |
| 13:29 | Queue | Villager (Male) |
| 13:42 | Build | Watch Tower |
| 13:44 | Build | Palisade Wall |
| 13:44 | Build | Palisade Wall |
| 13:45 | Build | Palisade Wall |
| 13:45 | Build | Palisade Wall |
| 13:47 | Queue | Villager (Male) |
| 14:02 | Queue | Villager (Male) |
| 14:15 | Queue | Villager (Male) |
| 14:33 | Build | Watch Tower |
| 15:20 | Queue | Villager (Male) |
| 15:29 | Build | Palisade Wall |
| 15:30 | Build | Palisade Wall |
| 15:30 | Build | Palisade Wall |
| 15:31 | Build | Palisade Wall |
| 15:32 | Queue | Villager (Male) |
| 15:35 | Build | House |
| 15:44 | Build | Blacksmith |
| 15:58 | Queue | Villager (Male) |
| 16:12 | Build | Barracks |
| 16:21 | Research | Fletching |
| 16:28 | Queue | Villager (Male) |
| 16:58 | Queue | Villager (Male) |
| 17:15 | Build | Watch Tower |
| 17:16 | Build | Palisade Wall |
| 17:17 | Build | Palisade Wall |
| 17:17 | Build | Palisade Wall |
| 17:18 | Build | Palisade Wall |
| 17:19 | Queue | Villager (Male) |
| 17:27 | Build | Market |
| 17:43 | Queue | Villager (Male) |
| 17:55 | Build | House |
| 18:03 | Build | House |
| 18:05 | Build | Lumber Camp |
| 18:28 | Build | Mining Camp |
| 18:33 | Queue | Villager (Male) |
| 19:15 | Research | Castle Age |
| 19:45 | Build | Outpost |
| 19:59 | Build | Farm |
| 19:59 | Build | Farm |
| 19:59 | Build | Farm |
| 19:59 | Build | Farm |
| 20:00 | Build | Farm |
| 20:00 | Build | Farm |
| 20:00 | Build | Farm |
| 20:00 | Build | Farm |
| 20:01 | Build | Farm |
| 20:34 | Build | Outpost |
| 21:16 | Build | Watch Tower |
| 21:23 | Build | Gate |
| 21:29 | Build | Gate |
| 21:55 | Age | Castle Age |
| 22:17 | Build | Siege Workshop |
| 22:19 | Queue | Villager (Male) |
| 22:21 | Build | Farm |
| 22:58 | Queue | Mangonel |
| 23:09 | Build | Gate |
| 23:27 | Queue | Villager (Male) |
| 23:41 | Queue | Villager (Male) |
| 24:02 | Build | Castle |
| 24:11 | Queue | Villager (Male) |
| 24:11 | Queue | Villager (Male) |
| 24:11 | Queue | Villager (Male) |
| 24:31 | Build | House |
| 24:38 | Build | House |
| 24:43 | Build | House |
| 25:11 | Queue | Villager (Male) |
| 25:12 | Queue | Villager (Male) |
| 25:31 | Build | Mining Camp |
| 25:42 | Queue | Villager (Male) |
| 25:52 | Queue | Villager (Male) |
| 26:03 | Queue | Villager (Male) |
| 26:03 | Queue | Villager (Male) |
| 26:04 | Queue | Villager (Male) |
| 26:38 | Build | Gate |
| 26:50 | Build | Monastery |
| 27:03 | Queue | Villager (Male) |
| 27:03 | Queue | Villager (Male) |
| 27:04 | Queue | Villager (Male) |
| 27:41 | Queue | Scorpion |
| 27:41 | Queue | Scorpion |
| 27:41 | Queue | Scorpion |
| 27:51 | Queue | Villager (Male) |
| 28:21 | Build | Castle |
| 28:27 | Queue | Villager (Male) |
| 28:27 | Queue | Villager (Male) |
| 28:42 | Queue | Mangonel |
| 28:42 | Queue | Mangonel |
| 28:43 | Queue | Mangonel |
| 28:44 | Queue | Villager (Male) |
| 29:19 | Queue | Monk |
| 29:24 | Queue | Villager (Male) |
| 29:30 | Queue | Mangonel |
| 29:31 | Queue | Mangonel |
| 30:02 | Build | Watch Tower |
| 30:22 | Queue | Villager (Male) |
Match timeline
| 8:22 | Tlitado · age_up feudal |
| 9:42 | Lord6 · first_building Barracks |
| 11:01 | Tlitado · wall_segment Palisade Wall x1 |
| 11:02 | Tlitado · wall_segment Palisade Wall x1 |
| 11:08 | Tlitado · wall_segment Palisade Wall x1 |
| 11:09 | Tlitado · wall_segment Palisade Wall x1 |
| 11:51 | Tlitado · wall_segment Palisade Wall x1 |
| 11:55 | Tlitado · wall_segment Palisade Wall x1 |
| 11:56 | Tlitado · wall_segment Palisade Wall x1 |
| 11:56 | Tlitado · wall_segment Palisade Wall x1 |
| 13:43 | Lord6 · age_up feudal |
| 13:44 | Tlitado · wall_segment Palisade Wall x1 |
| 13:44 | Tlitado · wall_segment Palisade Wall x1 |
| 13:45 | Tlitado · wall_segment Palisade Wall x1 |
| 13:45 | Tlitado · wall_segment Palisade Wall x1 |
| 15:29 | Tlitado · wall_segment Palisade Wall x1 |
| 15:30 | Tlitado · wall_segment Palisade Wall x1 |
| 15:30 | Tlitado · wall_segment Palisade Wall x1 |
| 15:31 | Tlitado · wall_segment Palisade Wall x1 |
| 16:12 | Tlitado · first_building Barracks |
| 17:16 | Tlitado · wall_segment Palisade Wall x1 |
| 17:17 | Tlitado · wall_segment Palisade Wall x1 |
| 17:17 | Tlitado · wall_segment Palisade Wall x1 |
| 17:18 | Tlitado · wall_segment Palisade Wall x1 |
| 17:41 | Lord6 · age_up castle |
| 17:46 | Lord6 · first_building Siege Workshop |
| 18:19 | Tlitado · first_market_sell 100 stone |
| 19:09 | Tlitado · first_market_buy 100 food |
| 21:55 | Tlitado · age_up castle |
| 22:17 | Tlitado · first_building Siege Workshop |
| 24:02 | Tlitado · first_building Castle |
| 26:50 | Tlitado · first_building Monastery |
| 31:10 | Lord6 · first_building Castle |
| 33:24 | Lord6 · first_building Archery Range |
| 34:58 | Lord6 · first_market_sell 100 food |
| 35:30 | Lord6 · age_up imperial |
| 36:20 | Tlitado · first_building Stable |
| 40:10 | Tlitado · age_up imperial |
| 43:14 | Lord6 · resign |
[ AI ANALYSIS · 1 CREDIT ]
What really happened in this match?
Wolo.gg analyzes every decision: build order, eco, micro, common mistakes by bracket. Personalized analysis on WhatsApp or Discord in 30 seconds.
Civ guide
Celts
Perfil
Lord6